Map: Rhoskallian LE

Players

ZvizdoZnavec - Winner!

  • Race: Protoss Protoss
  • League: Platinum
  • Spawn Location: 6:00

NeDzHIdzhKAi - Winner!

  • Race: Zerg Zerg
  • League: Diamond
  • Spawn Location: 5:00

Ekelpack

  • Race: Zerg Zerg
  • Spawn Location: 11:00

Nyck

  • Race: Terran Terran
  • Spawn Location: 12:00

VOD

Have the link to the VOD?

Description

Time

  • Played on: Dec. 18, 2024, 2:31 p.m.
  • Length: 16:51
Show
View Real Time Build Order
Export as new Build Order

ZvizdoZnavec Protoss - Winner!

Build Orders: 1 Gate Expand, Phoenix Opening, Carriers 

Get SALT Encoding   

  12  0:00  Probe  
  13  0:12  Probe  
  14  0:24  Probe, Pylon  
  15  0:40  Probe  
  15  0:42  Gateway  
  16  0:49  Probe  
  16  0:52  Assimilator  
  17  0:57  Probe  
  18  1:09  Probe  
  19  1:21  Probe  
  20  1:33  Probe  
  20  1:34  Nexus  
  21  1:43  Cybernetics Core  
  21  1:49  Probe  
  21  1:51  Assimilator  
  22  2:01  Probe  
  23  2:02  Pylon  
  23  2:13  Warp Gate  
  23  2:16  Gateway  
  23  2:20  Probe  
  24  2:26  Stalker  
  26  2:33  Probe  
  27  2:43  Probe  
  27  2:44  Shield Battery  
  27  2:45  Probe  
  29  2:51  Probe  
  29  2:57  Probe  
  31  2:58  Stargate  
  31  3:00  Probe  
  32  3:05  Stalker  
  32  3:12  Probe  
  35  3:20  Assimilator  
  35  3:49  Probe  
  35  3:50  Phoenix  
  35  3:54  Probe  
  39  4:06  Probe  
  39  4:08  Stargate  
  39  4:09  Pylon, Probe  
  41  4:13  Assimilator  
  41  4:17  Stalker x2  
  43  4:19  Probe  
  43  4:23  Void Ray  
  46  4:27  Probe  
  46  4:30  Pylon  
  46  4:31  Probe  
  52  4:33  Pylon  
  52  4:35  Shield Battery  
  52  4:41  Stalker  
  54  4:48  Pylon  
  54  4:58  Stalker  
  64  5:17  Void Ray x2  
  64  5:21  Stalker  
  62  5:38  Cybernetics Core  
  70  6:08  Void Ray x2  
  70  6:10  Fleet Beacon  
  70  6:11  Probe  
  70  6:13  Probe  
  72  6:19  Probe  
  73  6:25  Probe  
  73  6:29  Probe  
  73  6:30  Stalker  
  73  6:32  Protoss Air Weapons Level 1  
  77  6:38  Probe  
  78  6:45  Pylon, Flux Vanes  
  78  6:49  Pylon  
  78  6:53  Pylon  
  78  7:03  Probe  
  87  7:09  Void Ray  
  87  7:12  Void Ray  
  93  7:54  Carrier x2  
  93  7:55  Stalker x2  
  101  8:08  Probe  
  102  8:13  Forge  
  102  8:15  Pylon  
  102  8:33  Probe  
  103  8:55  Carrier  
  105  9:14  Stalker x2  
  109  9:20  Protoss Air Weapons Level 2  
  109  9:51  Carrier  
  101  10:00  Carrier  
  97  10:08  Stalker x2  
  101  10:18  Forge  
  101  10:24  Nexus  
  101  10:27  Pylon  
  101  10:30  Pylon  
  101  10:33  Protoss Ground Weapons Level 1  
  100  10:36  Photon Cannon  
  100  10:39  Photon Cannon  
  100  10:56  Carrier  
  86  11:10  Zealot x2  
  86  11:14  Twilight Council  
  86  11:17  Gateway  
  86  11:21  Gateway  
  74  11:31  Stalker x2  
  72  11:34  Nexus  
  72  11:39  Pylon  
  72  11:43  Pylon  
  72  11:46  Stargate  
  72  11:48  Stargate  
  72  11:49  Charge  
  72  11:54  Zealot  
  72  11:55  Zealot  
  76  12:04  Carrier x2  
  84  12:13  Zealot  
  84  12:15  Zealot  
  88  12:20  Zealot x2  
  88  12:22  Probe  
  93  12:34  Probe  
  93  12:36  Stalker  
  96  12:37  Zealot  
  96  12:41  Photon Cannon  
  98  12:44  Photon Cannon  
  98  12:46  Carrier  
  98  12:47  Photon Cannon  
  98  12:51  Photon Cannon  
  102  12:52  Shield Battery  
  102  12:55  Shield Battery  
  102  12:56  Assimilator  
  84  13:00  Assimilator  
  84  13:03  Stalker x2  
  84  13:04  Stalker  
  72  13:09  Protoss Shields Level 1  
  70  13:22  Stalker  
  72  14:02  Nexus  
  58  14:45  Zealot x2  
  54  14:46  Zealot  
  58  15:05  Nexus  
  58  15:07  Zealot x4, Pylon  
  58  15:11  Photon Cannon  
  66  15:21  Tempest  
  70  15:41  Carrier x3  
  70  15:56  Zealot  
  90  15:58  Tempest  
Show
View Real Time Build Order
Export as new Build Order

NeDzHIdzhKAi Zerg - Winner!

Build Orders: Hatch First, Brood Lord Corruptor 

Get SALT Encoding   

  12  0:00  Drone  
  13  0:12  Drone  
  14  0:17  Overlord  
  14  0:36  Drone x2  
  16  0:51  Drone  
  16  0:53  Hatchery  
  16  0:56  Drone  
  17  0:59  Drone  
  18  1:11  Drone  
  19  1:12  Extractor  
  18  1:20  Spawning Pool  
  18  1:22  Drone  
  18  1:30  Drone  
  19  1:40  Drone  
  20  1:51  Drone  
  21  2:02  Drone  
  21  2:06  Queen  
  21  2:07  Queen  
  26  2:08  Overlord  
  26  2:14  Drone  
  27  2:18  Evolution Chamber  
  26  2:23  Overlord  
  26  2:25  Drone  
  28  2:37  Drone x2  
  28  2:39  Metabolic Boost  
  29  2:50  Drone x3  
  32  3:01  Drone  
  32  3:02  Drone  
  34  3:06  Drone, Extractor x2  
  34  3:11  Zerg Ground Armor Level 1  
  33  3:17  Drone x2  
  35  3:32  Drone x4  
  35  3:33  Drone x3  
  42  3:34  Baneling Nest  
  41  3:52  Zergling x6  
  44  3:55  Spore Crawler  
  44  3:58  Spore Crawler  
  44  4:01  Hatchery  
  41  4:16  Zergling x6  
  45  4:34  Spine Crawler x2  
  45  4:35  Spine Crawler, Zergling x2, Overlord x3  
  45  4:36  Zergling x2  
  44  4:44  Spine Crawler  
  43  4:49  Drone  
  43  4:50  Overlord x4  
  44  4:57  Zergling x2  
  45  5:05  Zerg Melee Weapons Level 1  
  45  5:08  Drone x5  
  49  5:32  Zergling x8  
  49  5:33  Zergling x6  
  49  5:46  Hatchery, Lair  
  49  5:48  Extractor  
  49  5:49  Drone x3  
  49  5:51  Drone  
  50  6:00  Hatchery  
  49  6:07  Drone x6  
  50  6:48  Drone x9  
  50  6:52  Spire  
  50  6:53  Overlord x2  
  50  6:54  Overlord  
  58  6:57  Queen  
  58  6:58  Queen  
  58  6:59  Drone x2  
  58  7:00  Drone x3  
  65  7:22  Extractor  
  64  7:23  Spore Crawler, Extractor  
  64  7:26  Drone x7  
  64  7:27  Drone, Overlord x3  
  64  7:28  Overlord x4  
  70  7:53  Infestation Pit  
  69  8:03  Queen  
  71  8:08  Zerg Flyer Weapons Level 1, Corruptor x7  
  71  8:09  Corruptor  
  87  8:20  Zergling x16  
  87  8:21  Zergling x2  
  96  8:33  Infestor, Corruptor  
  96  8:34  Corruptor x2  
  98  8:37  Zergling x2  
  96  8:58  Zergling x24  
  107  9:10  Hive  
  101  9:39  Hatchery  
  100  9:51  Zerg Melee Weapons Level 2  
  100  10:10  Corruptor x14  
  100  10:13  Zergling x16  
  130  10:35  Zergling x12  
  101  10:58  Corruptor x7  
  101  11:00  Zergling x2  
  89  11:11  Corruptor  
  89  11:12  Corruptor  
  89  11:13  Zergling x14  
  89  11:14  Zergling x2  
  95  11:26  Corruptor x3  
  101  11:33  Corruptor  
  101  11:35  Drone  
  101  11:36  Drone x6  
  110  11:47  Corruptor x2  
  111  11:56  Baneling Nest  
  111  11:58  Drone x6  
  116  12:07  Zerg Ground Armor Level 2  
  116  12:11  Greater Spire  
  116  12:20  Extractor  
  116  12:21  Extractor  
  114  12:37  Spore Crawler  
  104  13:28  Corruptor x3  
  104  13:29  Corruptor x9  
  104  13:30  Zergling x22  
  104  13:31  Zergling x2  
  132  13:41  Drone  
  132  13:42  Drone x3  
  132  13:43  Drone x2, Queen  
  132  13:46  Centrifugal Hooks  
  140  13:59  Zergling x2  
  140  14:00  Zergling x12  
  147  14:03  Zergling x6  
  142  14:16  Zergling x8  
  146  14:19  Brood Lord x5  
  146  14:22  Brood Lord  
  146  14:41  Zergling x2  
  146  14:42  Zergling x20  
  148  14:54  Zergling x16  
  153  15:03  Zergling x2  
  153  15:04  Zergling x8  
  158  15:12  Zergling x4  
  158  15:15  Zergling x4  
  155  15:23  Hatchery  
  155  15:25  Hatchery  
  151  15:28  Zergling x2  
  151  15:29  Zergling x16  
  155  15:45  Zergling x8  
  155  15:46  Zergling x6  
  148  16:01  Zergling x2  
  148  16:02  Zergling x14  
  144  16:15  Zergling x8  
  138  16:21  Zergling x2  
Show
View Real Time Build Order
Export as new Build Order

Ekelpack Zerg 

Build Orders: Hatch First 

Get SALT Encoding   

  12  0:00  Drone  
  13  0:13  Overlord  
  13  0:18  Drone  
  14  0:32  Drone  
  15  0:46  Hatchery  
  15  0:48  Drone  
  15  1:05  Spawning Pool  
  15  1:07  Drone  
  15  1:12  Extractor  
  15  1:13  Drone  
  15  1:18  Drone  
  16  1:21  Drone  
  17  1:29  Drone  
  18  1:39  Drone  
  19  1:52  Queen  
  21  1:59  Queen  
  23  2:02  Drone  
  24  2:09  Drone  
  24  2:11  Drone  
  26  2:16  Overlord  
  26  2:20  Drone  
  27  2:23  Drone  
  28  2:34  Roach Warren  
  27  2:38  Drone  
  27  2:41  Drone  
  27  2:42  Drone  
  30  2:47  Drone, Extractor  
  30  2:49  Drone  
  31  2:56  Drone  
  32  2:59  Drone  
  32  3:01  Overlord  
  32  3:04  Drone  
  34  3:06  Drone  
  34  3:09  Drone  
  36  3:16  Overlord  
  36  3:21  Evolution Chamber  
  36  3:23  Drone x2  
  36  3:24  Drone  
  36  3:26  Overlord  
  38  3:36  Roach x3  
  38  3:38  Roach  
  38  3:40  Roach  
  48  3:45  Roach  
  48  3:47  Roach  
  52  3:49  Roach  
  52  3:52  Roach  
  56  3:56  Overlord  
  56  4:03  Zerg Missile Weapons Level 1  
  56  4:15  Roach x5  
  66  4:21  Overlord  
  66  4:30  Roach  
  68  4:40  Roach  
  68  4:41  Overlord, Roach x2  
  68  4:42  Roach  
  68  4:43  Overlord  
  76  4:58  Overlord  
  76  5:08  Roach x6  
  68  5:36  Roach x3  
  68  5:37  Roach x2  
  60  6:00  Lair  
  60  6:01  Zerg Ground Armor Level 1  
  60  6:03  Overlord x2  
  60  6:04  Overlord  
  61  6:11  Drone x2  
  61  6:13  Extractor  
  61  6:17  Extractor  
  60  6:35  Roach x3  
  60  6:36  Roach x2  
  70  6:47  Zergling x2  
  70  6:48  Roach x4  
  70  6:49  Roach  
  81  7:02  Hydralisk Den  
  80  7:19  Overlord x4  
  80  7:37  Overlord x4  
  80  7:39  Grooved Spines  
  82  7:44  Roach x4  
  88  7:54  Zerg Missile Weapons Level 2  
  88  8:03  Hydralisk x5  
  98  8:11  Overlord, Hydralisk x2  
  102  8:34  Hydralisk x5  
  110  8:48  Hydralisk x2  
  110  8:49  Hydralisk  
  114  8:55  Spore Crawler  
  114  8:57  Spore Crawler  
  114  8:58  Hydralisk x2  
  112  9:14  Hydralisk x4  
  120  9:21  Queen  
  99  9:56  Queen  
  99  9:58  Drone x3  
  102  10:14  Zerg Ground Armor Level 2  
  102  10:16  Hatchery  
  87  10:55  Hydralisk x2  
  87  10:56  Hydralisk x6  
  71  11:08  Hydralisk x2  
  71  11:09  Hydralisk x3  
  71  11:10  Hydralisk  
  67  11:29  Roach  
  67  11:30  Roach x3  
  75  11:33  Drone x2  
  77  11:52  Drone  
  77  11:53  Drone x6  
  84  12:19  Drone x7  
  84  12:21  Extractor  
  90  12:39  Hydralisk x4  
  90  12:40  Hydralisk  
  78  13:03  Hydralisk x2  
  78  13:04  Hydralisk x7  
  78  13:05  Hydralisk  
  87  13:19  Hydralisk x5  
  87  13:23  Drone  
  88  13:53  Drone x6  
  88  13:54  Drone x4  
  98  14:02  Hydralisk  
  78  14:22  Hydralisk  
  78  14:23  Hydralisk x5  
  62  15:01  Hydralisk x7  
  62  15:02  Hydralisk x4  
  76  15:23  Hydralisk x5  
  76  15:24  Hydralisk  
  76  15:25  Roach  
  65  15:49  Hydralisk x5  
  48  16:02  Roach x2  
Show
View Real Time Build Order
Export as new Build Order

Nyck Terran 

Build Orders: Command Center First 

Get SALT Encoding   

  12  0:00  SCV  
  13  0:12  SCV  
  14  0:18  Supply Depot  
  14  0:25  SCV  
  15  0:40  SCV  
  16  0:52  SCV  
  17  1:03  Command Center  
  17  1:06  SCV  
  18  1:18  Barracks  
  18  1:20  SCV  
  19  1:28  Refinery  
  19  1:33  Refinery  
  19  1:35  SCV  
  20  1:50  SCV  
  21  2:05  Orbital Command  
  21  2:07  Supply Depot  
  22  2:08  Reaper  
  22  2:15  Orbital Command  
  22  2:27  Factory  
  22  2:35  Supply Depot  
  22  2:38  SCV  
  22  2:42  SCV  
  24  2:50  SCV  
  25  2:52  Barracks Reactor  
  25  2:54  SCV  
  26  3:02  SCV  
  27  3:08  SCV  
  28  3:15  SCV  
  29  3:20  SCV  
  30  3:39  SCV x2  
  32  3:51  SCV x2  
  34  4:03  SCV x2  
  34  4:09  Factory Reactor  
  36  4:10  Starport  
  36  4:15  SCV x2, Starport  
  38  4:17  Starport  
  38  4:27  SCV x2  
  39  4:39  SCV x2  
  39  4:44  Refinery  
  41  4:46  Refinery  
  41  4:51  SCV x2  
  43  4:56  Command Center  
  43  4:59  Starport, Starport Reactor  
  43  5:01  Supply Depot  
  43  5:07  Supply Depot  
  43  5:10  Viking x2  
  43  5:11  Viking x2  
  51  5:18  SCV x2  
  53  5:25  Supply Depot  
  53  5:30  SCV x2  
  55  5:38  Starport Reactor, Engineering Bay  
  55  5:43  Viking x3  
  55  5:48  Supply Depot  
  55  5:49  Supply Depot  
  61  5:52  SCV  
  61  5:54  SCV  
  63  6:06  Refinery  
  63  6:09  Orbital Command  
  63  6:10  Refinery  
  63  6:11  SCV  
  63  6:12  SCV  
  63  6:13  Supply Depot x2  
  63  6:14  Viking x2  
  63  6:16  Viking  
  71  6:22  Armory  
  68  6:35  Supply Depot  
  68  6:36  Supply Depot  
  61  6:48  Viking x3  
  61  6:53  SCV x3  
  70  7:05  SCV x3  
  70  7:06  Viking x2  
  77  7:17  SCV x2  
  79  7:26  Viking x2  
  83  7:42  Viking  
  83  7:44  Viking  
  85  7:53  SCV x3  
  85  7:55  Viking  
  90  8:05  SCV x3  
  93  8:13  Viking x2  
  93  8:17  SCV x3  
  100  8:23  Supply Depot  
  100  8:29  SCV x2  
  100  8:30  SCV  
  101  8:41  SCV  
  101  8:42  SCV  
  101  8:46  Supply Depot  
  98  8:54  Viking x6  
  103  9:09  Supply Depot  
  91  9:33  Supply Depot  
  91  9:47  Viking x4  
  99  9:57  Supply Depot  
  95  10:19  Supply Depot  
  95  10:27  Viking x3  
  101  10:34  SCV  
  102  10:36  Armory  
  102  10:46  SCV  
  103  10:56  Command Center  
  87  10:58  SCV  
  82  11:10  SCV  
  69  11:21  Viking  
  69  11:22  Viking x2  
  65  11:36  SCV  
  66  11:48  SCV  
  66  11:52  Terran Vehicle And Ship Armor Level 1  
  66  11:53  Terran Ship Weapons Level 1  
  67  11:57  Command Center  
  67  12:00  SCV  
  68  12:08  Orbital Command  
  68  12:11  Refinery  
  68  12:12  SCV  
  68  12:15  Refinery  
  69  12:24  SCV  
  70  12:36  SCV  
  70  12:37  SCV  
  72  12:48  SCV  
  71  13:00  SCV  
  65  13:13  SCV  
  66  13:21  Viking x5  
  66  13:22  Viking x3  
  66  13:25  SCV  
  65  13:37  SCV  
  62  13:49  Terran Vehicle And Ship Armor Level 2  
  62  13:51  Viking  
  62  13:55  Orbital Command  
  64  13:56  Terran Ship Weapons Level 2  
  64  14:04  Command Center  
  64  14:12  Viking  
  54  14:54  Viking  
  54  14:55  Viking x3  
  56  15:03  SCV  
  57  15:08  Viking x4  
  65  15:15  SCV  
  65  15:17  Orbital Command  
  66  15:26  Viking x4  
  62  16:12  Viking x4  
Tags
 
Add a new tag
Caveats
  • Supply blocks, unpowered buildings, or Contaminate may cause inaccurate times.
  • Supply counts are checked every 10 seconds.